 Dungeon Crawl Stone Soup version 0.18-a0-1570-gf60b0ab (webtiles) character file.

28 Duffy the Slasher (level 3, 0/29 HPs)
             Began as a Formicid Abyssal Knight on Mar 14, 2016.
             Was a Believer of Lugonu.
             Slain by a hobgoblin
             ... wielding a +0 club
              (3 damage)
             ... on level 2 of the Dungeon.
             The game lasted 00:01:22 (1204 turns).

Duffy the Slasher (Formicid Abyssal Knight)         Turns: 1204, Time: 00:01:22

Health: 0/29       AC:  3    Str: 16    XL:     3   Next: 30%
Magic:  4/4        EV: 11    Int: 11    God:    Lugonu [**....]
Gold:   119        SH:  0    Dex: 11    Spells: 0 memorised, 2 levels left

rFire  . . .     SeeInvis +     a - +1 falchion
rCold  . . .     Gourm    .     b - +0 leather armour
rNeg   . . .     Faith    .     (no shield)
rPois  .         Spirit   .     (helmet unavailable)
rElec  .         Dismiss  .     (no cloak)
rCorr  .         Reflect  .     (no gloves)
SustAt .         Harm     .     (no boots)
MR     .....                    (no amulet)
Stlth  +.........               (no ring)
                                (no ring)

@: not resistant to hostile enchantments, very unstealthy
A: permanent stasis, dig shafts and tunnels, four strong arms, antennae 3
a: Dig, Shaft Self, Depart the Abyss, Bend Space, Renounce Religion


You were on level 2 of the Dungeon.
You worshipped Lugonu.
Lugonu was pleased with you.
You were hungry.

You visited 1 branch of the dungeon, and saw 2 of its levels.
You visited the Abyss 1 time.

You collected 119 gold pieces.


Innate Abilities, Weirdness & Mutations

You are under a permanent stasis effect.
You can dig through walls and to a lower floor.
Your four strong arms can wield two-handed weapons with a shield.
You have a pair of large antennae on your head (SInv).


   Skills:
 - Level 3.2 Fighting
 + Level 3.5 Long Blades
 - Level 2.1 Armour
 - Level 0.8 Dodging
 - Level 2.1 Invocations


You had 2 spell levels left.
You didn't know any spells.

Inventory:

Hand Weapons
 a - a +1 falchion (weapon)
Missiles
 d - 5 silver javelins (quivered)
 j - 10 poisoned needles
Armour
 b - a +0 leather armour (worn)
Scrolls
 g - a scroll of amnesia {unknown}
 h - a scroll of immolation {unknown}
Potions
 e - a potion of might
 i - a potion of flight
 k - a potion of heal wounds
 l - a potion of curing {unknown}
Comestibles
 c - 2 bread rations

Dungeon Overview and Level Annotations

Branches:
Dungeon (2/15)

Altars:


Message History

You hit the adder.
The adder is almost dead.
The adder bites you. x2
You are too injured to fight recklessly!
You are too injured to fight recklessly!
You are too injured to fight recklessly!
You are too injured to fight recklessly!
You are too injured to fight recklessly!
You are too injured to fight recklessly!
You are too injured to fight recklessly!
You are too injured to fight recklessly!
You are too injured to fight recklessly!
You are too injured to fight recklessly!
You are too injured to fight recklessly!
You are too injured to fight recklessly!
You slash the adder!
You kill the adder!
Lugonu accepts your kill.
You have reached level 3!
Your experience leads to an increase in your attributes!
Increase (S)trength, (I)ntelligence, or (D)exterity?
You feel agile.
You feel sick.
You feel sick.
You feel sick.
You feel sick.
You feel sick.
You are no longer poisoned.
The hobgoblin hits you with a club.
There is a stone staircase leading up here.
You completely miss the hobgoblin. The hobgoblin hits you with a club.
You hit the hobgoblin.
The hobgoblin is moderately wounded.
The hobgoblin hits you with a club.
You die...

#.#
#.#
#.#
#.#
#.#
#.#
#.#
#g#
#@#
###


You could see a hobgoblin.

Action                   || total
-------------------------++-------
Melee: Falchion          ||    60
  Use: Scroll            ||     3

Notes
Turn   | Place    | Note
--------------------------------------------------------------
     0 | Abyss:1  | Duffy the Formicid Abyssal Knight began the quest for the Orb.
     0 | Abyss:1  | Reached XP level 1. HP: 18/18 MP: 2/2
    13 | D:1      | Escaped the Abyss
   196 | D:1      | Reached XP level 2. HP: 24/24 MP: 3/3
   416 | D:1      | Reached skill level 3 in Long Blades
   680 | D:1      | Reached ** piety under Lugonu
  1153 | D:2      | Reached XP level 3. HP: 10/29 MP: 4/4
  1204 | D:2      | Slain by a hobgoblin

Vault maps used:
D:1:      minmay_arrival_cross
D:2:      uniq_iyjb, uniq_sigmund

Vanquished Creatures
  An adder
  A giant gecko
  4 bats
  A giant cockroach
  A hobgoblin
  2 jackals
  A giant newt
  A goblin
  5 kobolds
  A rat
18 creatures vanquished.
